 Dungeon Crawl Stone Soup version 0.26-a0-30-g56b8cd3df0 (webtiles) character file.

Game seed: 8877484239207479519, levelgen mode: deterministic

599 MisterFreud the Slasher (level 7, -4/48 HPs)
             Began as an Octopode Gladiator on June 3, 2020.
             Was a Follower of Cheibriados.
             Slain by a ynoxinul (9 damage)
             ... on level 1 of the Abyss.
             The game lasted 00:06:39 (4727 turns).

MisterFreud the Slasher (Octopode Gladiator)        Turns: 4727, Time: 00:06:39

Health: -4/48      AC:  1    Str: 16    XL:     7   Next: 41%
Magic:  7/7        EV: 16    Int: 14    God:    Cheibriados [*.....]
Gold:   276        SH:  0    Dex: 15    Spells: 6/6 levels left

rFire    . . .     SeeInvis .   a - +0 long sword
rCold    . . .     Gourm    .   (no shield)
rNeg     . . .     Faith    .   b - +0 hat
rPois    +         Spirit   .   v - amulet of regeneration
rElec    .         Reflect  .   h - ring of poison resistance
rCorr    .         Harm     .   (no ring)
MR       .....                  (no ring)
Stlth    ++........             (no ring)
HPRegen  0.56/turn              (no ring)
MPRegen  0.10/turn              (no ring)
                                (no ring)
                                (no ring)

@: very slow
A: almost no armour, stealthy swim, amphibious, 8 rings, constrict 8, camouflage
1, gelatinous body 1
a: Bend Time, Renounce Religion


You were on level 1 of the Abyss.
You worshipped Cheibriados.
Cheibriados was aware of your devotion.
You were hungry.

You visited 1 branch of the dungeon, and saw 5 of its levels.
You visited the Abyss 1 time.

You collected 276 gold pieces.

Inventory:

Hand Weapons
 a - a +0 long sword (weapon)
Missiles
 c - 5 throwing nets
 n - 20 poisoned darts
 t - 3 boomerangs (quivered)
 x - 4 javelins
Armour
 b - a +0 hat (worn)
Jewellery
 h - a ring of poison resistance (left tentacle)
 v - an amulet of regeneration (around mantle)
Wands
 s - a wand of paralysis (7)
 u - a wand of flame (18)
 y - a wand of iceblast (7)
Scrolls
 g - a scroll of teleportation
 i - a scroll of fog {unknown}
 j - 2 scrolls of remove curse
 m - 2 scrolls of amnesia {unknown}
 o - a scroll of enchant armour {unknown}
 r - 2 scrolls of random uselessness {unknown}
 z - a scroll of identify
Potions
 e - 2 potions of mutation
 f - a potion of berserk rage {unknown}
 k - 2 potions of curing
 p - 2 potions of brilliance
 q - a potion of cancellation
 w - 2 potions of degeneration {unknown}
Comestibles
 d - 4 rations
 l - 8 chunks of flesh


   Skills:
 - Level 4.0 Fighting
 - Level 6.0 Long Blades
 - Level 2.0 Throwing
 + Level 5.4 Dodging


You had 6 spell levels left.
You didn't know any spells.
Your spell library contained the following spells:

 Spells                   Type           Power        Failure   Level  Hunger
 Passwall                 Tmut/Erth      #.......     41%         2    ###....
 Swiftness                Chrm/Air       #.......     41%         2    ###....
 Passage of Golubria      Tloc           N/A          96%         4    #####..
 Lee's Rapid Deconstruct  Erth           #.........   100%        5    ######.
 Darkness                 Hex            #.........   100%        6    #######
 Invisibility             Hex            #.......     100%        6    #######


Dungeon Overview and Level Annotations

Branches:
Dungeon (5/15)             Temple (0/1) D:5

Altars:
Cheibriados
Trog

Shops:
D:4 }


Innate Abilities, Weirdness & Mutations

You cannot wear most types of armour.
You are very stealthy in the water. (Stealth+)
You are amphibious.
You can wear up to eight rings at the same time.
You can use your tentacles to constrict eight enemies at once.
Your skin changes colour to match your surroundings (Stealth+).
Your rubbery body absorbs attacks. (AC +1, EV +1)


Message History

Here: a ynoxinul The floor.
Unknown command.
Unknown command.
Evoke which item? (* to show all) (? for menu, Esc to quit)
Aiming: Throw Flame
Press: ? - help, Shift-Dir - straight line, f - ynoxinul
Aim: a ynoxinul The puff of flame hits the ynoxinul.
The ynoxinul is lightly wounded.
You hit the ynoxinul. Your grab misses the ynoxinul.
The ynoxinul is moderately wounded.
The ynoxinul gestures at you. The iron shot hits you!!!
Ouch! That really hurt!
* * * LOW HITPOINT WARNING * * *
You barely miss the ynoxinul. You grab the ynoxinul. You squeeze the ynoxinul.
The ynoxinul is moderately wounded.
You constrict the ynoxinul. The ynoxinul hits you!
You die...

...................
... ... ...........
#. ...#.....# .§..
##...###...## .§.#
.#..(..#.....#....
.................
....#.....#... .#
.. ##...###...#
#@....# ....#
.......3...........
...................
................
#.....#.....#...
##...###...###..
#.... ..... ..
..... .....


You could see a ynoxinul.

Vanquished Creatures
  A scorpion (D:4)
  A howler monkey (D:4)
  A hound (D:4)
  Crazy Yiuf (D:4)
  An orc priest (D:3)
  3 orc wizards
  An iguana (D:4)
  Terence (D:2)
  2 worker ants
  A killer bee zombie (D:5)
  5 gnolls (D:5)
  An adder (D:3)
  A white imp (Abyss:1)
  An ooze (D:2)
  An adder skeleton (D:5)
  3 worms
  2 dart slugs
  3 leopard geckos
  18 orcs
  10 bats
  7 giant cockroaches
  11 goblins
  5 hobgoblins
  9 jackals (D:3)
  2 quokkas
  2 frilled lizards
  19 kobolds
  9 rats
122 creatures vanquished.

Vanquished Creatures (others)
  A plant (D:1)
1 creature vanquished.

Grand Total: 123 creatures vanquished

Notes
Turn   | Place    | Note
-------+----------+-------------------------------------------
     0 | D:1      | MisterFreud the Octopode Gladiator began the quest for the
                  | Orb.
     0 | D:1      | Reached XP level 1. HP: 14/14 MP: 1/1
   190 | D:1      | Reached XP level 2. HP: 20/20 MP: 2/2
   495 | D:1      | Reached XP level 3. HP: 20/26 MP: 3/3
   892 | D:2      | Noticed Terence
   902 | D:2      | Killed Terence
   902 | D:2      | Reached XP level 4. HP: 20/33 MP: 4/4
  1605 | D:3      | Found a bloodstained altar of Trog.
  1783 | D:3      | Reached skill level 4 in Long Blades
  1785 | D:3      | Reached XP level 5. HP: 26/37 MP: 5/5
  2587 | D:3      | Reached skill level 5 in Long Blades
  3266 | D:4      | Reached XP level 6. HP: 33/43 MP: 6/6
  3541 | D:4      | Found Popne's Gadget Emporium.
  3586 | D:4      | Found a snail-covered altar of Cheibriados.
  3622 | D:4      | Became a worshipper of Cheibriados the Contemplative
  3782 | D:4      | Reached skill level 6 in Long Blades
  3979 | D:4      | Found a runed translucent door.
  3980 | D:4      | Noticed Crazy Yiuf
  3988 | D:4      | Killed Crazy Yiuf
  4261 | D:4      | Reached XP level 7. HP: 46/48 MP: 7/7
  4452 | D:5      | Entered Level 5 of the Dungeon
  4464 | D:5      | Found a staircase to the Ecumenical Temple.
  4551 | D:5      | Reached skill level 5 in Dodging
  4563 | D:5      | Reached * piety under Cheibriados
  4620 | D:5      | Cast into level 1 of the Abyss (orc)
  4637 | Abyss:1  | Noticed a starcursed mass
  4673 | Abyss:1  | Noticed a small abomination
  4674 | Abyss:1  | Noticed a smoke demon
  4722 | Abyss:1  | Noticed a ynoxinul
  4727 | Abyss:1  | Slain by a ynoxinul

Illustrated notes

Levels and vault maps discovered:
D:1:      dpeg_arrival_pits, layout_loops_ring, lexackson_kobold_supper
D:2:      layout_rooms, first_ration, uniq_terence
D:3:      layout_basic, trog_hazing_becter
D:4:      layout_layer_cave, kennysheep_slug_shrine, serial_shops, shop,
          uniq_crazy_yiuf_cottage
D:5:      layout_loops_ring, old_standard_altar, temple_pool_b, serial_shops,
          nicolae_shop_behind_doors, uniq_edmund, uniq_grinder
Abyss:1:  base: D:2, due_exit_kobolds, minivault_4

Skill      XL: |  1  2  3  4  5  6  7 |
---------------+----------------------+-----
Fighting       | 3 4 |  4.0
Long Blades    | 4 5 6 |  6.0
Dodging        | 4 5 |  5.4
Throwing       | |  2.0

Action                   |  1- 3 |  4- 6 |  7- 9 || total
-------------------------+-------+-------+-------++-------
Melee: Long sword        |    57 |   131 |    44 ||   232
       Constrict         |    21 |    42 |    15 ||    78
       Tentacles         |    15 |    33 |     8 ||    56
Evoke: Wand              |       |       |     1 ||     1
  Use: Scroll            |       |     4 |     3 ||     7
       Potion            |       |       |     2 ||     2
 Stab: Sleeping          |     6 |     8 |       ||    14
       Distracted        |     2 |     1 |     1 ||     4
  Eat: Chunk             |       |    11 |     1 ||    12
Armor: Skin              |     6 |     8 |       ||    14
Dodge: Dodged            |    46 |    96 |    42 ||   184
       Rpst.: Long sword |    11 |    25 |    10 ||    46

Table legend:
 A = Non-vault XP
 B = Vault XP
 C = Vault XP percentage of total XP
 D = Non-vault monster count
 E = Vault monster count
 F = Vault count percentage of total count
                 A         B        C        D         E       F
            +---------+---------+-------+---------+---------+-------
      Total |     748 |     108 |  12.6 |     105 |      17 |  13.9
            +---------+---------+-------+---------+---------+-------
        D:1 |      31 |      14 |  31.1 |      18 |       8 |  30.8
        D:2 |      41 |      36 |  46.8 |      19 |       1 |   5.0
        D:3 |     137 |      10 |   6.8 |      40 |       6 |  13.0
        D:4 |     349 |      48 |  12.1 |      17 |       2 |  10.5
        D:5 |     180 |       0 |   0.0 |      10 |       0 |   0.0
    Abyss:1 |      10 |       0 |   0.0 |       1 |       0 |   0.0
            +---------+---------+-------+---------+---------+-------
